Map: [ESL] Babylon

Players

GuMiho - Winner!

  • Race: Terran Terran
  • Spawn Location: 5:00

Maru

  • Race: Terran Terran
  • Spawn Location: 11:00

Event: ESL SC2 Masters 2023 Summer (Finals)

VOD

Have the link to the VOD?

Description

Time

  • Played on: June 17, 2023, 1:22 p.m.
  • Length: 10:48

All games in this series

Show
View Real Time Build Order
Export as new Build Order

GuMiho Terran - Winner!

Build Orders:  

Get SALT Encoding   

  12  0:00  SCV  
  13  0:12  SCV  
  14  0:17  Supply Depot  
  14  0:24  SCV  
  15  0:38  SCV  
  15  0:39  Barracks  
  16  0:44  Refinery  
  16  0:50  SCV  
  16  0:53  Refinery  
  17  1:02  SCV  
  18  1:14  SCV  
  19  1:26  Orbital Command, Reaper  
  19  1:29  Supply Depot  
  20  1:41  Factory  
  20  1:52  SCV  
  21  1:58  Reaper  
  22  2:04  SCV  
  23  2:16  SCV  
  23  2:20  Command Center  
  24  2:26  Hellion  
  24  2:28  SCV  
  27  2:35  Barracks Reactor, Supply Depot  
  27  2:40  SCV  
  28  2:48  Factory Tech Lab  
  28  2:51  Starport  
  28  2:54  SCV  
  29  3:06  SCV  
  29  3:07  Cyclone  
  29  3:12  Marine  
  34  3:14  Marine  
  34  3:18  SCV  
  36  3:20  Refinery  
  36  3:30  Marine  
  36  3:31  Marine  
  36  3:33  Orbital Command  
  36  3:34  SCV  
  39  3:38  Medivac  
  41  3:45  Siege Tank  
  44  3:49  SCV  
  44  3:51  Marine  
  44  3:53  Marine  
  47  3:58  Supply Depot  
  47  4:01  SCV  
  48  4:09  Marine  
  49  4:10  Marine  
  50  4:17  Viking  
  50  4:20  SCV x2  
  54  4:26  Siege Tank  
  54  4:27  Marine  
  54  4:28  Marine  
  59  4:32  SCV x2  
  60  4:45  SCV x2  
  62  4:47  Marine  
  62  4:50  Supply Depot  
  62  4:53  Supply Depot  
  60  5:01  SCV x2  
  62  5:12  Siege Tank  
  63  5:17  SCV x2  
  63  5:19  Viking, Supply Depot  
  67  5:26  Viking  
  69  5:35  SCV x2  
  71  5:44  Siege Tank  
  71  5:47  Starport, SCV  
  71  5:48  Starport  
  71  5:49  Refinery  
  73  5:53  Viking  
  75  5:58  Viking  
  77  6:05  SCV, Supply Depot  
  77  6:06  SCV  
  77  6:07  Supply Depot  
  79  6:16  Siege Tank  
  79  6:17  SCV  
  83  6:18  SCV  
  83  6:24  Viking  
  86  6:27  Viking  
  86  6:29  SCV  
  86  6:30  SCV  
  90  6:35  Viking  
  92  6:41  SCV  
  92  6:42  Supply Depot  
  92  6:43  SCV  
  92  6:45  Viking  
  96  6:49  Supply Depot  
  96  6:54  Siege Tank  
  96  7:06  Viking  
  96  7:08  Viking  
  92  7:15  SCV  
  92  7:16  SCV, Viking  
  96  7:22  Viking  
  96  7:28  SCV x2  
  100  7:36  Viking  
  101  7:38  Viking  
  103  7:46  Command Center  
  103  7:50  Supply Depot  
  103  7:51  Supply Depot  
  103  7:53  Viking  
  103  7:56  Viking  
  107  8:06  Viking  
  107  8:08  Viking  
  111  8:21  SCV x2  
  111  8:23  Viking  
  115  8:33  SCV x2  
  103  8:42  Liberator x2  
  109  9:09  Viking x2  
  107  9:11  SCV x2  
  107  9:12  Siege Tank  
  112  9:19  Orbital Command  
  112  9:20  Refinery  
  112  9:21  Refinery  
  112  9:23  SCV x2  
  112  9:27  Liberator  
  115  9:35  SCV x2  
  117  9:44  Siege Tank  
  108  9:47  SCV  
  109  9:56  Liberator  
  109  9:59  Command Center  
  112  10:00  Command Center  
  112  10:04  SCV x3  
  118  10:20  Supply Depot x2  
  121  10:21  Supply Depot  
  121  10:22  Engineering Bay  
  127  10:32  Command Center  
Show
View Real Time Build Order
Export as new Build Order

Maru Terran 

Build Orders:  

Get SALT Encoding   

  12  0:00  SCV  
  13  0:12  SCV  
  14  0:17  Supply Depot  
  14  0:24  SCV  
  15  0:38  SCV  
  15  0:40  Barracks  
  16  0:44  Refinery  
  16  0:50  SCV  
  16  0:53  Refinery  
  17  1:03  SCV  
  18  1:15  SCV  
  19  1:27  Orbital Command, Reaper  
  19  1:31  Supply Depot  
  20  1:43  Factory  
  20  1:53  SCV  
  21  1:59  Reaper  
  22  2:05  SCV  
  23  2:17  SCV  
  24  2:23  Command Center  
  24  2:29  Hellion  
  26  2:31  SCV  
  26  2:36  Barracks Reactor  
  27  2:41  Starport  
  27  2:44  SCV  
  27  2:50  Supply Depot  
  28  2:53  Factory Tech Lab  
  28  2:56  SCV  
  29  3:10  SCV  
  29  3:12  Marine x2, Siege Tank  
  35  3:19  Medivac  
  37  3:23  SCV  
  38  3:30  Marine  
  39  3:34  Marine  
  39  3:37  SCV  
  41  3:46  Cyclone  
  44  3:49  SCV, Starport Tech Lab  
  44  3:53  Orbital Command  
  45  3:58  Marine x2  
  45  4:01  SCV  
  45  4:02  Refinery  
  48  4:10  Raven  
  48  4:13  SCV  
  51  4:18  SCV  
  51  4:23  Supply Depot  
  52  4:25  SCV  
  52  4:30  SCV  
  53  4:32  Siege Tank  
  53  4:38  SCV  
  52  4:43  SCV  
  53  4:50  SCV  
  54  4:55  SCV  
  54  4:59  Viking x2  
  57  5:02  SCV  
  55  5:07  SCV, Command Center  
  55  5:10  Siege Tank  
  59  5:14  SCV  
  59  5:19  SCV, Refinery  
  59  5:20  Supply Depot  
  59  5:26  SCV  
  60  5:30  Viking  
  60  5:35  Marine, Viking  
  65  5:37  SCV  
  65  5:38  SCV  
  67  5:45  Supply Depot  
  67  5:48  Siege Tank  
  70  5:50  SCV  
  70  5:56  Marine  
  71  5:59  Viking  
  71  6:02  SCV  
  71  6:03  SCV  
  75  6:05  Viking  
  75  6:11  Barracks  
  77  6:17  Barracks  
  77  6:21  Orbital Command  
  77  6:25  Siege Tank  
  80  6:26  SCV  
  80  6:29  Viking  
  80  6:30  Marine  
  80  6:31  Stimpack  
  84  6:35  SCV  
  84  6:38  Viking  
  86  6:42  Barracks  
  86  6:44  SCV  
  87  6:47  Orbital Command, SCV  
  87  6:49  Marauder  
  89  6:56  SCV  
  83  7:07  Siege Tank  
  81  7:10  Marauder  
  81  7:11  Viking x2  
  87  7:16  SCV  
  87  7:19  Barracks Reactor, Barracks Tech Lab  
  87  7:21  Engineering Bay  
  88  7:27  SCV  
  89  7:31  SCV, Marine  
  89  7:36  Barracks Tech Lab  
  91  7:39  SCV  
  91  7:43  SCV x2  
  94  7:48  Terran Infantry Weapons Level 1  
  94  7:49  Marauder, Combat Shield  
  96  7:51  SCV  
  96  7:55  SCV x2  
  99  8:01  Engineering Bay  
  99  8:03  SCV  
  100  8:06  Concussive Shells  
  100  8:07  SCV  
  101  8:13  Supply Depot  
  101  8:16  Supply Depot  
  101  8:25  Supply Depot  
  101  8:27  Terran Infantry Armor Level 1  
  101  8:34  SCV x3, Marine x3  
  101  8:35  Marauder  
  101  8:38  Marauder  
  94  8:42  Medivac x2  
  94  8:46  SCV x3  
  101  8:51  Siege Tank  
  101  8:52  Marine, Marauder  
  106  8:57  Marine  
  106  8:58  Marauder, SCV x2  
  106  8:59  SCV  
  108  9:03  Marauder  
  92  9:10  Marine  
  92  9:14  Marauder  
  92  9:15  Marine  
  96  9:19  Marauder  
  97  9:24  Marine  
  97  9:27  Marine  
  99  9:33  Marine  
  99  9:35  Marauder  
  101  9:40  Marauder  
  101  9:42  Marauder  
  101  9:43  SCV  
  66  9:45  Marine  
  66  9:48  SCV  
  66  9:51  Marine  
  66  9:52  Medivac  
  66  9:55  SCV  
  66  9:57  Marauder  
  67  10:00  SCV, Medivac, Siege Tank  
  67  10:01  Marine  
  67  10:03  Marine  
  67  10:04  Marauder  
  67  10:08  SCV, Marine  
  67  10:12  SCV  
  69  10:17  Marine  
  69  10:20  Marauder  
  69  10:21  Marine  
  71  10:25  Marine  
  71  10:26  Marine  
Tags
 
Add a new tag
Caveats
  • Supply blocks, unpowered buildings, or Contaminate may cause inaccurate times.
  • Supply counts are checked every 10 seconds.